SL
NORTHERN VIRGINIA RETRIEVERS @ CHICAGO HAWKS
08/16/2021
 
TOP OF THE 1ST
Northern Virginia Retrievers batting - Pitching for Chicago Hawks : RHP Adrián Fierro
Pitching: RHP Adrián Fierro
Batting: LHB Munemori Ohara 0-0: Called Strike
0-1: Fly out, F8 (Line Drive, 8LM)
Batting: RHB Luis Rodríguez 0-0: Ball
1-0: Ball
2-0: Called Strike
2-1: Ground out 6-3 (Groundball, 6M)
Batting: LHB Keith Bridges 0-0: Foul Ball, location: 2F
0-1: Ball
1-1: Called Strike
1-2: Ball
2-2: Fly out, F7 (Flyball, 7M)
Top of the 1st over - 0 run(s), 0 hit(s), 0 error(s), 0 left on base; Northern Virginia 0 - Chicago 0
BOTTOM OF THE 1ST
Chicago Hawks batting - Pitching for Northern Virginia Retrievers : LHP Joe Kehoe
Pitching: LHP Joe Kehoe
Batting: RHB José Lozano 0-0: Ball
1-0: Ground out 1-3 (Groundball, 34S)
Batting: RHB Ed Whitaker 0-0: Ball
1-0: Fly out, F4 (Line Drive, 4)
Batting: LHB Mal Wadley 0-0: Ball
1-0: Called Strike
1-1: Ground out 4-3 (Groundball, 4)
Bottom of the 1st over - 0 run(s), 0 hit(s), 0 error(s), 0 left on base; Northern Virginia 0 - Chicago 0
TOP OF THE 2ND
Northern Virginia Retrievers batting - Pitching for Chicago Hawks : RHP Adrián Fierro
Batting: LHB Bartolo Benítez 0-0: Called Strike
0-1: Ball
1-1: Ball
2-1: Ball
3-1: Foul Ball, location: 2F
3-2: Strikes out swinging
Batting: LHB Rick Watson 0-0: SINGLE (Line Drive, 34D)
Batting: RHB Eddie O'Bryan 0-0: Called Strike
0-1: Foul Ball, location: 2F
0-2: Ball
1-2: Ball
2-2: Foul Ball, location: 2F
2-2: Ball
3-2: Strikes out swinging
Batting: LHB Marlon Randall 0-0: Ball
1-0: Foul Ball, location: 2F
1-1: Ground out 3-1 (Groundball, 3L)
Top of the 2nd over - 0 run(s), 1 hit(s), 0 error(s), 1 left on base; Northern Virginia 0 - Chicago 0
BOTTOM OF THE 2ND
Chicago Hawks batting - Pitching for Northern Virginia Retrievers : LHP Joe Kehoe
Batting: RHB Ramón Gómez 0-0: Called Strike
0-1: Foul Ball, location: 2F
0-2: Ball
1-2: Ground out 4-3 (Groundball, 4)
Batting: LHB Bill Griffin 0-0: Foul Ball, location: 2F
0-1: Foul Ball, location: 2F
0-2: Strikes out swinging
Batting: RHB Ben Ross 0-0: Ball
1-0: Ball
2-0: Ground out 4-3 (Groundball, 34)
Bottom of the 2nd over - 0 run(s), 0 hit(s), 0 error(s), 0 left on base; Northern Virginia 0 - Chicago 0
TOP OF THE 3RD
Northern Virginia Retrievers batting - Pitching for Chicago Hawks : RHP Adrián Fierro
Batting: LHB Jesús Pérez 0-0: Called Strike
0-1: Swinging Strike
0-2: Ball
1-2: Strikes out looking
Batting: LHB David Martínez 0-0: Called Strike
0-1: Ball
1-1: Foul Ball, location: 2F
1-2: Ball
2-2: Fly out, F2 (Popup, 2LF)
Batting: LHB Munemori Ohara 0-0: Swinging Strike
0-1: Foul Ball, location: 2F
0-2: Foul Ball, location: 2F
0-2: Ball
1-2: Strikes out swinging
Top of the 3rd over - 0 run(s), 0 hit(s), 0 error(s), 0 left on base; Northern Virginia 0 - Chicago 0
BOTTOM OF THE 3RD
Chicago Hawks batting - Pitching for Northern Virginia Retrievers : LHP Joe Kehoe
Batting: LHB Carl Gore 0-0: Ball
1-0: Ball
2-0: Ball
3-0: Called Strike
3-1: Called Strike
3-2: SINGLE (Line Drive, 5D)
Batting: RHB Mitch Jensen 0-0: Ball
1-0: Called Strike
1-1: Foul Ball, location: 2F
1-2: Ball
2-2: Ball
3-2: Base on Balls
Carl Gore to second
Batting: RHB Ted Young 0-0: Called Strike
0-1: Foul Ball, location: 2F
0-2: Fly out, F6 (Popup, 6D)
Batting: RHB José Lozano 0-0: Called Strike
0-1: Ball
1-1: Ball
2-1: Called Strike
2-2: Grounds into double play, 1-6-3 (Groundball, 15)
Bottom of the 3rd over - 0 run(s), 1 hit(s), 0 error(s), 1 left on base; Northern Virginia 0 - Chicago 0
TOP OF THE 4TH
Northern Virginia Retrievers batting - Pitching for Chicago Hawks : RHP Adrián Fierro
Batting: RHB Luis Rodríguez 0-0: Called Strike
0-1: Called Strike
0-2: Ball
1-2: Strikes out swinging
Batting: LHB Keith Bridges 0-0: Foul Ball, location: 2F
0-1: Ball
1-1: Fly out, F7 (Flyball, 78S)
Batting: LHB Bartolo Benítez 0-0: Ball
1-0: SINGLE (Groundball, 6MD)
Batting: LHB Rick Watson 0-0: Called Strike
0-1: Fly out, F8 (Flyball, 8LM)
Top of the 4th over - 0 run(s), 1 hit(s), 0 error(s), 1 left on base; Northern Virginia 0 - Chicago 0
BOTTOM OF THE 4TH
Chicago Hawks batting - Pitching for Northern Virginia Retrievers : LHP Joe Kehoe
Batting: RHB Ed Whitaker 0-0: Ball
1-0: Called Strike
1-1: Ball
2-1: Called Strike
2-2: Foul Ball, location: 2F
2-2: Foul Ball, location: 2F
2-2: Foul Ball, location: 2F
2-2: Fly out, F4 (Popup, 4MD)
Batting: LHB Mal Wadley 0-0: Foul Ball, location: 2F
0-1: Ball
1-1: Swinging Strike
1-2: Foul Ball, location: 2F
1-2: Ball
2-2: Ground out 1-3 (Groundball, 15)
Batting: RHB Ramón Gómez 0-0: Ball
1-0: Foul Ball, location: 2F
1-1: Called Strike
1-2: Ground out 6-3 (Groundball, 6M)
Bottom of the 4th over - 0 run(s), 0 hit(s), 0 error(s), 0 left on base; Northern Virginia 0 - Chicago 0
TOP OF THE 5TH
Northern Virginia Retrievers batting - Pitching for Chicago Hawks : RHP Adrián Fierro
Batting: RHB Eddie O'Bryan 0-0: Called Strike
0-1: Swinging Strike
0-2: Strikes out swinging
Batting: LHB Marlon Randall 0-0: Ball
1-0: Called Strike
1-1: Called Strike
1-2: Ball
2-2: Strikes out swinging
Batting: LHB Jesús Pérez 0-0: SINGLE (Line Drive, 7S)
Batting: LHB David Martínez 0-0: Ball
1-0: Called Strike
1-1: Ball
2-1: Swinging Strike
2-2: Strikes out swinging
Top of the 5th over - 0 run(s), 1 hit(s), 0 error(s), 1 left on base; Northern Virginia 0 - Chicago 0
BOTTOM OF THE 5TH
Chicago Hawks batting - Pitching for Northern Virginia Retrievers : LHP Joe Kehoe
Batting: LHB Bill Griffin 0-0: Called Strike
0-1: Ball
1-1: Ball
2-1: Fly out, F1 (Popup, 13S)
Batting: RHB Ben Ross 0-0: Called Strike
0-1: Ball
1-1: SINGLE (Groundball, 6M)
Batting: LHB Carl Gore 0-0: Ball
1-0: Foul Ball, location: 2F
1-1: Ball
2-1: Fly out, F1 (Line Drive, 13)
2-1: Lined into DP, 1-3 (Line Drive, 13)
Bottom of the 5th over - 0 run(s), 1 hit(s), 0 error(s), 0 left on base; Northern Virginia 0 - Chicago 0
TOP OF THE 6TH
Northern Virginia Retrievers batting - Pitching for Chicago Hawks : RHP Adrián Fierro
Batting: LHB Munemori Ohara 0-0: Ball
1-0: Ball
2-0: Ball
3-0: Called Strike
3-1: Foul Ball, location: 2F
3-2: SINGLE (Groundball, 34) (infield hit)
Batting: RHB Luis Rodríguez 0-0: Ball
Munemori Ohara steals 2nd base
1-0: Ball
2-0: Ball
3-0: Called Strike
3-1: Foul Ball, location: 2F
3-2: Foul Ball, location: 2F
3-2: Ground out 6-3 (Groundball, 6MS)
Munemori Ohara to third
Batting: LHB Keith Bridges 0-0: Called Strike
0-1: Foul Ball, location: 2F
0-2: Foul Ball, location: 2F
0-2: Strikes out swinging
Batting: LHB Bartolo Benítez 0-0: Ball
1-0: Ground out 1-3 (Groundball, 23)
Top of the 6th over - 0 run(s), 1 hit(s), 0 error(s), 1 left on base; Northern Virginia 0 - Chicago 0
BOTTOM OF THE 6TH
Chicago Hawks batting - Pitching for Northern Virginia Retrievers : LHP Joe Kehoe
Batting: RHB Mitch Jensen 0-0: Ball
1-0: Ground out 5-3 (Groundball, 56)
Batting: RHB Ted Young 0-0: Foul Ball, location: 2F
0-1: Ground out 4-3 (Groundball, 4)
Batting: RHB José Lozano 0-0: Ball
1-0: Called Strike
1-1: Swinging Strike
1-2: Ball
2-2: Strikes out swinging
Bottom of the 6th over - 0 run(s), 0 hit(s), 0 error(s), 0 left on base; Northern Virginia 0 - Chicago 0
TOP OF THE 7TH
Northern Virginia Retrievers batting - Pitching for Chicago Hawks : RHP Adrián Fierro
Batting: LHB Rick Watson 0-0: Ball
1-0: Swinging Strike
1-1: Foul Ball, location: 2F
1-2: Fly out, F8 (Popup, 8LS)
Batting: RHB Eddie O'Bryan 0-0: Ground out 4-3 (Groundball, 4S)
Batting: LHB Marlon Randall 0-0: Foul Ball, location: 2F
0-1: Called Strike
0-2: Strikes out swinging
Top of the 7th over - 0 run(s), 0 hit(s), 0 error(s), 0 left on base; Northern Virginia 0 - Chicago 0
BOTTOM OF THE 7TH
Chicago Hawks batting - Pitching for Northern Virginia Retrievers : LHP Joe Kehoe
Batting: RHB Ed Whitaker 0-0: Called Strike
0-1: Ball
1-1: Ball
2-1: Foul Ball, location: 2F
2-2: SINGLE (Line Drive, 6M)
Batting: LHB Mal Wadley 0-0: Called Strike
0-1: Ball
1-1: Swinging Strike
1-2: Foul Ball, location: 2F
1-2: Strikes out swinging
Batting: RHB Ramón Gómez 0-0: Called Strike
0-1: Foul Ball, location: 2F
0-2: Fly out, F8 (Flyball, 78S)
Batting: LHB Bill Griffin 0-0: Foul Ball, location: 2F
0-1: Fly out, F5 (Popup, 5F)
Bottom of the 7th over - 0 run(s), 1 hit(s), 0 error(s), 1 left on base; Northern Virginia 0 - Chicago 0
TOP OF THE 8TH
Northern Virginia Retrievers batting - Pitching for Chicago Hawks : RHP Adrián Fierro
Batting: LHB Jesús Pérez 0-0: Called Strike
0-1: Foul Ball, location: 2F
0-2: Strikes out swinging
Batting: LHB David Martínez 0-0: Called Strike
0-1: Ball
1-1: Called Strike
1-2: Strikes out looking
Batting: LHB Munemori Ohara 0-0: Fly out, F7 (Flyball, 7M)
Top of the 8th over - 0 run(s), 0 hit(s), 0 error(s), 0 left on base; Northern Virginia 0 - Chicago 0
BOTTOM OF THE 8TH
Chicago Hawks batting - Pitching for Northern Virginia Retrievers : LHP Joe Kehoe
Batting: RHB Ben Ross 0-0: Ball
1-0: Foul Ball, location: 2F
1-1: Foul Ball, location: 2F
1-2: Ball
2-2: Ball
3-2: Ground out 4-3 (Groundball, 4)
Pinch Hitting: RHB José Ramos 0-0: Ball
1-0: Ball
2-0: SINGLE (Groundball, 56D)
Pitching: RHP Suezo Sato
Batting: RHB Mitch Jensen 0-0: Ball
1-0: Ball
2-0: Ball
3-0: Base on Balls
José Ramos to second
Pinch Runner at 2nd Vern Forrest:
Batting: RHB Ted Young 0-0: Ball
1-0: Swinging Strike
1-1: Ball
2-1: Ball
3-1: Base on Balls
Vern Forrest to third
Mitch Jensen to second
Batting: RHB José Lozano 0-0: Ball
1-0: Fly out, F4 (Popup, 4MD)
Pitching: LHP Stanley Harris
Batting: RHB Ed Whitaker 0-0: Foul Ball, location: 2F
0-1: Foul Ball, location: 2F
0-2: Ball
1-2: Ball
2-2: Strikes out looking
Bottom of the 8th over - 0 run(s), 1 hit(s), 0 error(s), 3 left on base; Northern Virginia 0 - Chicago 0
TOP OF THE 9TH
Northern Virginia Retrievers batting - Pitching for Chicago Hawks : RHP Adrián Fierro
Now in RF: Vern Forrest
Batting: RHB Luis Rodríguez 0-0: Swinging Strike
0-1: Ball
1-1: Fly out, F9 (Flyball, 9LS)
Batting: LHB Keith Bridges 0-0: Ground out U3 (Groundball, 3)
Batting: LHB Bartolo Benítez 0-0: Fly out, F6 (Popup, 6D)
Top of the 9th over - 0 run(s), 0 hit(s), 0 error(s), 0 left on base; Northern Virginia 0 - Chicago 0
BOTTOM OF THE 9TH
Chicago Hawks batting - Pitching for Northern Virginia Retrievers : LHP Stanley Harris
Pitching: RHP Juan Piña
Batting: LHB Mal Wadley 0-0: Ball
1-0: Ground out 5-3 (Groundball, 56)
Batting: RHB Ramón Gómez 0-0: Fly out, F9 (Flyball, 89D)
Batting: LHB Bill Griffin 0-0: Called Strike
0-1: Ground out U3 (Groundball, 3S)
Bottom of the 9th over - 0 run(s), 0 hit(s), 0 error(s), 0 left on base; Northern Virginia 0 - Chicago 0
TOP OF THE 10TH
Northern Virginia Retrievers batting - Pitching for Chicago Hawks : RHP Adrián Fierro
Batting: LHB Rick Watson 0-0: Called Strike
0-1: Ball
1-1: Foul Ball, location: 2F
1-2: Strikes out looking
Batting: RHB Eddie O'Bryan 0-0: Called Strike
0-1: Ball
1-1: Called Strike
1-2: Ball
2-2: Foul Ball, location: 2F
2-2: Foul Ball, location: 2F
2-2: Strikes out swinging
Batting: LHB Marlon Randall 0-0: Ball
1-0: Fly out, F8 (Flyball, 8RXD)
Top of the 10th over - 0 run(s), 0 hit(s), 0 error(s), 0 left on base; Northern Virginia 0 - Chicago 0
BOTTOM OF THE 10TH
Chicago Hawks batting - Pitching for Northern Virginia Retrievers : RHP Juan Piña
Batting: RHB Ben Ross 0-0: Called Strike
0-1: Ball
1-1: Ground out 5-3 (Groundball, 56S)
Pinch Hitting: LHB Bobby Moore 0-0: Called Strike
0-1: Foul Ball, location: 2F
0-2: Foul Ball, location: 2F
0-2: Ball
1-2: Foul Ball, location: 2F
1-2: Ball
2-2: Foul Ball, location: 2F
2-2: Ball
3-2: Base on Balls
Batting: RHB Mitch Jensen 0-0: Ball
1-0: Ball
2-0: Called Strike
2-1: SINGLE (Line Drive, 8LS)
Bobby Moore to second
Batting: RHB Ted Young 0-0: Called Strike
0-1: Swinging Strike
0-2: Strikes out swinging
Batting: RHB José Lozano 0-0: Fly out, F9 (Flyball, 9M)
Bottom of the 10th over - 0 run(s), 1 hit(s), 0 error(s), 2 left on base; Northern Virginia 0 - Chicago 0
TOP OF THE 11TH
Northern Virginia Retrievers batting - Pitching for Chicago Hawks : RHP Adrián Fierro
Now at 1B: Bobby Moore
Batting: LHB Jesús Pérez 0-0: Ball
1-0: Ground out U3 (Groundball, 3L)
Batting: LHB David Martínez 0-0: Called Strike
0-1: Ball
1-1: Ground out 4-3 (Groundball, 4)
Pitching: RHP Robinson Gonzáles
Batting: LHB Munemori Ohara 0-0: Ball
1-0: SINGLE (Groundball, 4MD)
Batting: RHB Luis Rodríguez 0-0: Ball
Munemori Ohara is caught stealing 2nd base
Top of the 11th over - 0 run(s), 1 hit(s), 0 error(s), 0 left on base; Northern Virginia 0 - Chicago 0
BOTTOM OF THE 11TH
Chicago Hawks batting - Pitching for Northern Virginia Retrievers : RHP Juan Piña
Pitching: LHP Francisco Carrasco
Batting: RHB Ed Whitaker 0-0: Foul Ball, location: 2F
0-1: Ball
1-1: Ball
2-1: Foul Ball, location: 2F
2-2: Ball
3-2: SINGLE (Line Drive, 9S)
Batting: LHB Mal Wadley 0-0: SINGLE (Flyball, 89S)
Ed Whitaker to second
Batting: RHB Ramón Gómez 0-0: Foul Ball, location: 2F
0-1: Grounds into double play, 4-6-3 (Groundball, 4)
Ed Whitaker to third
Batting: LHB Bill Griffin 0-0: Called Strike
0-1: Foul Ball, location: 2F
0-2: Ball
1-2: SINGLE (Groundball, 5D)
Ed Whitaker scores
This league is powered by Out of the Park Baseball, the baseball management simulation game for PC, Mac and Linux
Friday, January 22nd, 2016 - OOTP Baseball 16.9 Build 39